 Dungeon Crawl Stone Soup version 0.18-a0-1523-gbe15c29 (webtiles) character file.

1060 4thArraOfDagon the Poker (level 8, -2/58 HPs)
             Began as a Mummy Chaos Knight on Mar 7, 2016.
             Slain by a killer bee (8 damage)
             ... on level 7 of the Dungeon.
             The game lasted 00:15:40 (2801 turns).

4thArraOfDagon the Poker (Mummy Chaos Knight)       Turns: 2801, Time: 00:15:40

Health: -2/58      AC:  9    Str: 15    XL:     8   Next: 6%
Magic:  9/9        EV:  7    Int: 14    God:    Xom [*.....]
Gold:   266        SH: 14    Dex: 11    Spells: 0 memorised, 7 levels left

rFire  x . .     SeeInvis .     a - +1 spear (chaos)
rCold  + . .     Gourm    .     b - +2 leather armour
rNeg   + + +     Faith    .     g - +2 large shield
rPois  ∞         Spirit   .     i - +0 helmet
rElec  .         Dismiss  .     (no cloak)
rCorr  .         Reflect  .     e - +2 pair of gloves
SustAt .         Harm     .     (no boots)
MR     +....                    (no amulet)
Stlth  +.........               (no ring)
                                (no ring)

@: somewhat resistant to hostile enchantments, very unstealthy
A: no food or potions, fire vulnerability, cold resistance 1, negative energy
resistance 3, torment resistance, unbreathing
a: Renounce Religion


You were on level 7 of the Dungeon.
You worshipped Xom.
You were a special plaything of Xom.
You were not hungry.

You visited 2 branches of the dungeon, and saw 8 of its levels.

You collected 266 gold pieces.

Inventory:

Hand Weapons
 a - a +1 spear of chaos (weapon)
 f - a +1 dagger of distortion
Missiles
 c - a poisoned tomahawk (quivered)
Armour
 b - a +2 leather armour (worn)
 e - a +2 pair of gloves (worn)
 g - a +2 large shield (worn)
 i - a +0 helmet (worn)
 l - a +1 leather armour of poison resistance
Magical Staves
 d - an uncursed staff of summoning {unknown}
Wands
 h - a wand of iceblast (0/15)
 k - a wand of acid (0/15)
Scrolls
 n - a scroll of immolation


   Skills:
 - Level 3.0 Fighting
 * Level 6.5 Polearms
 - Level 2.4 Armour
 - Level 2.2 Dodging
 + Level 2.9 Shields
 - Level 2.0 Evocations


You had 7 spell levels left.
You didn't know any spells.

Dungeon Overview and Level Annotations

Branches:
Dungeon (7/15)             Temple (1/1) D:5

Altars:
Ashenzari
Dithmenos
Elyvilon
Fedhas
Gozag
Kikubaaqudgha
Makhleb
Nemelex Xobeh
Okawaru
Pakellas
Qazlal
Ru
Trog
Vehumet
Xom
Yredelemnul
Zin
The Shining One

Annotations:
D:3 Terence


Innate Abilities, Weirdness & Mutations

You do not eat or drink.
Your flesh is vulnerable to fire.
You are immune to poison.
Your flesh is cold resistant.
You are immune to negative energy.
You are immune to unholy pain and torment.
You can survive without breathing.


Message History

Throwing (i - inventory):
c - 3 poisoned tomahawks (quivered)
Press: ? - help, Shift-Dir - straight line, f/p - killer bee
Aim: a killer bee You throw a poisoned tomahawk.
The poisoned tomahawk barely misses the killer bee.
The poisoned tomahawk hits the killer bee but does no damage.
The killer bee is poisoned.
You block the killer bee's attack.
The killer bee stings you but does no damage.
Unknown command.
Unknown command.
Throwing (i - inventory):
c - 2 poisoned tomahawks (quivered)
Press: ? - help, Shift-Dir - straight line, f/p - killer bee
Aim: a killer bee You throw a poisoned tomahawk.
The poisoned tomahawk barely misses the killer bee.
The poisoned tomahawk closely misses the killer bee.
The poisoned tomahawk barely misses the killer bee. x2
The killer bee closely misses you. The killer bee stings you!
You die...
Xom giggles madly!

#. .###.. #. #.
....). #.
#.###...... ##.##
#.........# #...#
#........# ...#
#.......(# ..#
##).......#
#.#####((........
#@#.)............
#y#.###..........
#y#y# #.......(..
#y#†# #..##.##...
#y#.###..##......
#..#.##........
##(#y....### ...
#.##....%.###..
##.#...........


You could see 4 killer bees.

Vanquished Creatures
  Menkaure (D:4)
  A water moccasin (D:6)
  A black bear (D:7)
  A phantom (D:4)
  An ogre (D:7)
  A centaur (D:7)
  A giant frog (D:6)
  2 killer bees (D:7)
  A centaur zombie (D:5)
  2 jellies (D:7)
  An orc priest (D:3)
  2 hounds (D:6)
  An orc wizard (D:3)
  2 worker ants
  4 adders
  3 oozes
  3 worms (D:2)
  A dart slug (D:3)
  5 giant geckos
  5 orcs
  A ball python (D:2)
  3 giant cockroaches
  8 goblins
  5 hobgoblins
  4 jackals (D:1)
  7 kobolds
  4 quokkas
  6 bats
  3 giant newts
  A jackal zombie (D:5)
  A quokka zombie (D:6)
  2 rats (D:1)
84 creatures vanquished.

Notes
Turn   | Place    | Note
--------------------------------------------------------------
     0 | D:1      | 4thArraOfDagon the Mummy Chaos Knight began the quest for the Orb.
     0 | D:1      | Reached XP level 1. HP: 18/18 MP: 1/1
     0 | D:1      | 4thArraOfDagon: ill be fine
     0 | D:1      | 4thArraOfDagon: with chei
     0 | D:1      | 4thArraOfDagon: muck is good combo to start a streak
    54 | D:1      | Reached skill level 1 in Dodging
   126 | D:1      | Reached XP level 2. HP: 24/24 MP: 2/2
   149 | D:1      | emiel: "the ogre goes berserk!"
   233 | D:2      | XOM: potion effect (invisibility)
   243 | D:2      | Reached skill level 3 in Polearms
   247 | D:2      | Reached XP level 3. HP: 20/29 MP: 3/3
   570 | D:1      | BLOAX: yes
   617 | D:1      | BLOAX: yes
   665 | D:2      | BLOAX: muck -> femo
   668 | D:2      | Reached XP level 4. HP: 19/35 MP: 4/4
   684 | D:2      | BLOAX: good streak starter :v
   801 | D:3      | BLOAX: wow xtahua is dropping me for some reason
   936 | D:3      | Noticed Terence
   963 | D:3      | XOM: potion effect (agility)
  1007 | D:5      | Entered Level 5 of the Dungeon
  1011 | D:5      | Found a staircase to the Ecumenical Temple.
  1066 | D:5      | 4thArraOfDagon: is it dropping hide
  1109 | D:6      | XOM: enchant monster (bad)
  1131 | D:6      | XOM: stat loss: -1 Str (14/15)
  1144 | D:6      | Noticed a giant frog
  1150 | D:6      | Killed a giant frog
  1150 | D:6      | Reached skill level 4 in Polearms
  1150 | D:6      | Reached XP level 5. HP: 31/41 MP: 5/5
  1257 | D:6      | emiel: heh
  1284 | Temple   | Entered the Ecumenical Temple
  1409 | D:4      | XOM: mild Ice miscast
  1469 | D:4      | Noticed Menkaure
  1476 | D:4      | XOM: noise
  1480 | D:4      | XOM: 3-stop teleportation journey
  1481 | D:4      | Noticed a phantom
  1491 | D:4      | XOM: divination: detect creatures
  1515 | D:4      | XOM: noise
  1525 | D:4      | Killed a phantom
  1525 | D:4      | Reached XP level 6. HP: 32/47 MP: 6/6
  1924 | D:4      | XOM: harmless Erth miscast
  2002 | D:4      | XOM: noise
  2127 | D:3      | XOM: cast spell 'Dispersal'
  2133 | D:3      | Reached skill level 1 in Shields
  2172 | D:3      | Reached skill level 1 in Evocations
  2203 | D:4      | XOM: noise
  2219 | D:4      | Reached skill level 5 in Polearms
  2219 | D:4      | XOM: noise
  2224 | D:4      | XOM is BORED!
  2224 | D:4      | XOM: blink monster(s)
  2227 | D:4      | Killed Menkaure
  2227 | D:4      | Reached XP level 7. HP: 13/52 MP: 6/8
  2295 | D:5      | AMUSED?
  2339 | D:5      | XOM: noise
  2641 | D:7      | Reached skill level 6 in Polearms
  2658 | D:7      | Reached XP level 8. HP: 18/58 MP: 9/9
  2690 | D:7      | XOM: destruction
  2707 | D:7      | HP: 1/58 [killer bee (7)]
  2801 | D:7      | Slain by a killer bee

Vault maps used:
D:1:      dpeg_arrival_pits
D:3:      minmay_misc_feat_columns, uniq_terence
D:4:      serial_corexii_hall, corexii_hall_statues_l, corexii_hall_statues_i,
          corexii_hall_statues_i, corexii_hall_statues_x,
          corexii_hall_statues_l, corexii_hall_statues_x, first_bread,
          uniq_menkaure
D:5:      minmay_temple_entry_from_below_a
D:7:      lemuel_doored_altar, serial_shops, kennysheep_mini, shop, shop,
          serial_bayou_ford_a
Temple:   grunt_circular_temple_18

Skill      XL: |  1  2  3  4  5  6  7 |
---------------+----------------------+-----
Dodging        | 1 2 |  2.2
Polearms       | 3 4 5 6 |  6.5
Armour         | 2 |  2.4
Shields        | 1 2 |  2.9
Evocations     | 1 2 |  2.0
Fighting       | |  3.0

Action                   |  1- 3 |  4- 6 |  7- 9 || total
-------------------------+-------+-------+-------++-------
Melee: Spear             |   131 |   164 |    85 ||   380
Throw: Tomahawk          |       |       |     5 ||     5
Evoke: Wand              |       |     3 |    16 ||    19
  Use: Scroll            |       |     7 |     2 ||     9
 Stab: Petrifying        |     1 |       |       ||     1
       Invisible         |     4 |       |       ||     4
       Confused          |     4 |       |       ||     4
       Sleeping          |     2 |       |       ||     2
       Petrified         |       |       |     2 ||     2
